 Dungeon Crawl Stone Soup version 0.30-a0-857-gcaf70739d4 (webtiles) character file.

Game seed: 8650448523607454970

91 cforsyth the Magician (level 4, -1/24 HPs)
             Began as a Deep Elf Earth Elementalist on Mar 6, 2023.
             Slain by Grinder (2 damage)
             ... while paralysed by Grinder
             ... on level 3 of the Dungeon.
             The game lasted 00:01:50 (1541 turns).

cforsyth the Magician (Deep Elf Earth Elementalist) Turns: 1541, Time: 00:01:50

Health: -1/24      AC:  4    Str:  5    XL:     4   Next: 33%
Magic:  10/12      EV:  2    Int: 22    God:
Gold:   58         SH:  0    Dex: 15    Spells: 11/12 levels left

rFire   . . .      SeeInvis .    (no weapon)
rCold   . . .      Faith    .    (no shield)
rNeg    . . .      Spirit   .    a - +0 robe
rPois   .          Reflect  .    (no helmet)
rElec   .          Rampage  .    g - +0 cloak
rCorr   .                        e - +0 pair of gloves
Will    .....                    (no boots)
Stlth   ++                       (no amulet)
HPRegen 0.24/turn                (no ring)
MPRegen 0.13/turn                (no ring)

@: paralysed
A: no striking features
a: no special abilities


You were on level 3 of the Dungeon.
You visited 1 branch of the dungeon, and saw 3 of its levels.

You collected 58 gold pieces.

Inventory:

Armour
 a - a +0 robe (worn)
 e - a +0 pair of gloves (worn)
 g - a +0 cloak (worn)
Jewellery
 p - a +6 ring of dexterity
Scrolls
 c - a scroll of immolation {unknown}
 f - a scroll of enchant weapon {unknown}
 i - 3 scrolls of identify {unknown}
 j - a scroll of teleportation {unknown}
 n - a scroll of blinking {unknown}
Potions
 b - 3 potions of magic
 d - a potion of resistance {unknown}
 h - a potion of haste {unknown}
 k - 3 potions of curing {unknown}
 l - 3 potions of lignification {unknown}
 m - a potion of attraction {unknown}
 o - a potion of might {unknown}


   Skills:
 - Level 2.4 Dodging
 - Level 2.4 Stealth
 + Level 4.9 Spellcasting
 - Level 1.1 Transmutations
 + Level 4.6 Earth Magic


You had 11 spell levels left.
You knew the following spells:

 Your Spells              Type           Power      Damage    Failure   Level
a - Sandblast             Erth           52%        2d12      1%          1

Your spell library contained the following spells:

 Spells                   Type           Power      Damage    Failure   Level
 Passwall                 Tmut/Erth      15%        N/A       4%          2
 Kiss of Death            Conj/Necr      20%        2d7       11%         1
 Stone Arrow              Conj/Erth      30%        3d8       12%         3
 Confusing Touch          Hex            5%         N/A       30%         3
 Inner Flame              Hex/Fire       5%         N/A       30%         3
 Petrify                  Tmut/Erth      18%        N/A       30%         4
 Cause Fear               Hex            2%         N/A       71%         4
 Dispel Undead            Necr           5%         3d7       71%         4
 Discord                  Hex            2%         N/A       100%        8


Dungeon Overview and Level Annotations

Branches:
Dungeon (3/15)

Altars:
Qazlal

Annotations:
D:3 Grinder


Message History

Found 3 boomerangs.
The blast of sand hits the kobold.
You kill the kobold!
You can't see any susceptible monsters within range! (Use Z to cast anyway.)
You can't see any susceptible monsters within range! (Use Z to cast anyway.)
Found a stone staircase leading down.
p - a +6 ring of dexterity
Found a scale mail.
Found a stone staircase leading down.
A frilled lizard comes into view.
Found a bubbling coppery potion.
A frilled lizard is nearby!
A frilled lizard is nearby!
A frilled lizard is nearby!
The blast of sand hits the frilled lizard!
You kill the frilled lizard!
You can't see any susceptible monsters within range! (Use Z to cast anyway.)
You can't see any susceptible monsters within range! (Use Z to cast anyway.)
Found 3 stones.
Found a ring mail.
Grinder comes into view.
Grinder shouts!
You see here a bubbling coppery potion.
Grinder is nearby!
Grinder is nearby!
The blast of sand misses Grinder.
The blast of sand hits Grinder!
Grinder is moderately wounded.
The blast of sand hits Grinder!
Grinder is severely wounded.
Grinder hits you.
You writhe in agony.
Grinder gestures at you.
You suddenly lose the ability to move!
Grinder hits you.
You writhe in agony.
Grinder gestures at you.
You barely resist. Grinder hits you!
* * * LOW HITPOINT WARNING * * *
You writhe in agony.
You die...

####.>......# ## ..
#...........####.
#..##...........[.##.
......#............#.
.....#............#.
....#.........##...
.##
#.##.#...#########
..[..##....###.#
#..5@.......#
#####!......# ##
#......## .. #..##..#
#. .....##..# #.
####(##.... #...
#.###.#.# #### #.#
..#.# #?# ## . ###


You could see Grinder.

Vanquished Creatures
  4 adders (D:2)
  2 dart slugs
  5 bats
  6 endoplasms
  A giant cockroach (D:2)
  5 goblins
  7 hobgoblins
  2 quokkas (D:1)
  2 ball pythons (D:1)
  3 frilled lizards
  5 kobolds
  4 rats
46 creatures vanquished.

Notes
Turn   | Place    | Note
-------+----------+-------------------------------------------
     0 | D:1      | cforsyth the Deep Elf Earth Elementalist began the quest
                  | for the Orb.
     0 | D:1      | Reached XP level 1. HP: 10/10 MP: 6/6
   273 | D:1      | Reached XP level 2. HP: 15/15 MP: 4/8
   410 | D:1      | Found a faded altar of an unknown god.
   723 | D:2      | Reached XP level 3. HP: 19/19 MP: 5/10
  1065 | D:2      | Reached XP level 4. HP: 24/24 MP: 10/12
  1416 | D:3      | Found a stormy altar of Qazlal.
  1534 | D:3      | Noticed Grinder
  1538 | D:3      | Paralysed by Grinder for 5 turns
  1541 | D:3      | HP: 1/24 [Grinder (7)]
  1541 | D:3      | Slain by Grinder

Illustrated notes

Levels and vault maps discovered:
D:1:      minmay_arrival_diagonal_passages, layout_loops_ring,
          hellmonk_ecumenical_altar_heavens_door
D:2:      layout_rooms
D:3:      layout_basic, xom_teletrap_fun, nicolae_qazlal_general_emergency,
          uniq_grinder

Skill      XL: |  1  2 |
---------------+-------+-----
Spellcasting   | 4 |  4.9
Earth Magic    | 4 |  4.6
Dodging        | |  2.4
Stealth        | |  2.4
Transmutations | |  1.1

Action                     |  1- 3 |  4- 6 || total
---------------------------+-------+-------++-------
   Cast: Sandblast         |    42 |    18 ||    60
 Armour: Robe              |     7 |       ||     7
  Dodge: Dodged            |     2 |       ||     2

Table legend: (Time is in decaauts)
 A = Elapsed time spent in this place.
 B = Non-inter-level travel time spent in this place.
 C = Inter-level travel time spent in this place.
 D = Time resting spent in this place.
 E = Time spent auto-exploring this place.
 F = Levels seen in this place.
 G = Mean time per level.
                   A        B        C        D        E       F      G
               +--------+--------+--------+--------+--------+-----+--------+
         Total |   1570 |   1497 |     73 |      0 |   1245 |   3 |  523.3 |
       Dungeon |   1570 |   1497 |     73 |      0 |   1245 |   3 |  523.3 |
               +--------+--------+--------+--------+--------+-----+--------+

Top non-repeatable levels by time:
     D:1: 685 daAuts
     D:2: 625 daAuts
     D:3: 259 daAuts
